 Dungeon Crawl Stone Soup version 0.28-a0-998-gb9e9c7b67e (webtiles) character file.

Game seed: 13962162507024110964

240 demibob the Poker (level 5, -6/41 HPs)
             Began as a Demonspawn Wanderer on Dec 6, 2021.
             Was an Initiate of Ashenzari.
             Mangled by an iguana (10 damage)
             ... on level 3 of the Dungeon.
             The game lasted 00:03:44 (2614 turns).

demibob the Poker (Demonspawn Wanderer)             Turns: 2614, Time: 00:03:44

Health: -6/41      AC:  5    Str: 12    XL:     5   Next: 80%
Magic:  0/6        EV: 10    Int: 14    God:    Ashenzari [......]
Gold:   74         SH:  0    Dex: 14    Spells: 6/6 levels left

rFire   . . .      SeeInvis .   b - +0 spear
rCold   . . .      Faith    .   (no shield)
rNeg    . . .      Spirit   +   c - +0 ring mail
rPois   +          Reflect  .   (no helmet)
rElec   .          Harm     .   (no cloak)
rCorr   .          Rampage  .   (no gloves)
Will    .....                   (no boots)
Stlth   +.........              k - amulet of guardian spirit
HPRegen 0.13/turn               P - ring "Sorrow of Ashenzari" {rPois, Evo, Fort} (curse)
MPRegen 0.10/turn               Z - ring of wizardry

@: hasted, very quick
A: powered by death 1
a: Renounce Religion, Curse Item, Shatter the Chains


You were on level 3 of the Dungeon.
You worshipped Ashenzari.
Ashenzari was noncommittal.
You visited 1 branch of the dungeon, and saw 3 of its levels.

You collected 74 gold pieces.


Innate Abilities, Weirdness & Mutations

You regenerate a little health from kills.


   Skills:
 + Level 3.5 Fighting
 + Level 3.7 Polearms
 - Level 3.1 Crossbows
 - Level 1.0 Throwing
 - Level 1.0(1.2) Armour
 - Level 1.0 Stealth
 - Level 1.0 Spellcasting
 - Level 1.0 Summonings
 - Level 1.0 Earth Magic


You had 6 spell levels left.
You didn't know any spells.
Your spell library was empty.

Inventory:

Hand Weapons
 a - a +2 hand crossbow
 b - a +0 spear (weapon)
Missiles
 e - 23 bolts
 l - 3 datura-tipped darts (quivered)
Armour
 c - a +0 ring mail (worn)
Jewellery
 k - an amulet of guardian spirit (around neck)
 P - the cursed ring "Sorrow of Ashenzari" (left hand) {rPois, Evo, Fort}
   (You found it on level 1 of the Dungeon)

   [ring of poison resistance]

   rPois:     It protects you from poison.
   It has a curse which improves the following skills: Evocations: Evocations.
   Fortitude: Armour and Shields.
 Z - a ring of wizardry (right hand)
Scrolls
 d - 2 scrolls of teleportation {@r2}
 g - 2 scrolls of immolation
 o - a scroll of identify {@r1}
Potions
 f - a potion of magic {unknown}
 h - a potion of mutation {unknown}
 i - a potion of curing {unknown}
 j - a potion of lignification {unknown}
 m - a potion of degeneration {unknown}

Dungeon Overview and Level Annotations

Branches:
Dungeon (3/15)

Altars:
Ashenzari

Shops:
D:2

: ##.###.#.########.
#.....(...........
#..###.#..########
######..###.#..# #
..........#.#..# #
.######..#.#.#..########
.........#.#..#.........
........##.#.#..########
#######@##......#
#l####.#### #...J...#.#
#.##)##.#.# # #.# #.#
... ..# #.# ### #.# ...


You could see an iguana and an endoplasm.


Message History

The iguana bites you!
* * * LOW HITPOINT WARNING * * *
The endoplasm barely misses you.
You are too injured to fight recklessly!
You are too injured to fight recklessly!
You are too injured to fight recklessly!
You are too injured to fight recklessly!
You are too injured to fight recklessly!
You are too injured to fight recklessly!
You are too injured to fight recklessly!
You are too injured to fight recklessly!
You are too injured to fight recklessly!
You are too injured to fight recklessly!
You are too injured to fight recklessly!
You are too injured to fight recklessly!
You are too injured to fight recklessly!
You are too injured to fight recklessly!
You hit the iguana but do no damage.
The iguana is moderately wounded.
The iguana bites you!
* * * LOW HITPOINT WARNING * * *
You hit the iguana.
The iguana is heavily wounded.
The iguana bites you!
* * * LOW HITPOINT WARNING * * *
You closely miss the iguana.
The iguana is heavily wounded.
The iguana bites you but does no damage.
It was a potion of haste.
You feel yourself speed up. The iguana bites you!
You die...

Skill      XL: |  1  2  3 |
---------------+----------+-----
Crossbows      | 3 |  3.1
Polearms       | 1 3 |  3.7
Fighting       | 3 |  3.5
Throwing       | |  1.0
Armour         | |  1.0
Stealth        | |  1.0
Spellcasting   | |  1.0
Summonings     | |  1.0
Earth Magic    | |  1.0

Action                   |  1- 3 |  4- 6 || total
-------------------------+-------+-------++-------
Melee: Spear             |    99 |    30 ||   129
 Fire: Hand crossbow     |    12 |       ||    12
Throw: Dart              |     3 |       ||     3
Invok: Curse Item        |     1 |       ||     1
  Use: Scroll            |     3 |       ||     3
       Potion            |     1 |     1 ||     2
 Stab: Sleeping          |     1 |     1 ||     2
Armor: Ring mail         |    34 |     5 ||    39
Dodge: Dodged            |    36 |    13 ||    49

Levels and vault maps discovered:
D:1:      amcnicky_arrival_flooded_fountain, layout_loops_corners
D:2:      layout_loops_ring, serial_shops, nicolae_shop_behind_doors,
          shapermc_ecumenical_altar_mp_urbaneastern
D:3:      layout_loops_ring, uniq_sigmund, uniq_grinder

Notes
Turn   | Place    | Note
-------+----------+-------------------------------------------
     0 | D:1      | demibob the Demonspawn Wanderer began the quest for the
                  | Orb.
     0 | D:1      | demibob set off with the following items: a +2 hand
                  | crossbow, 23 bolts, a +0 ring mail, a scroll of
                  | teleportation {@r2}
     0 | D:1      | Reached XP level 1. HP: 15/15 MP: 2/2
   539 | D:1      | Reached skill level 3 in Crossbows
   539 | D:1      | Gained mutation: You regenerate a little health from kills.
                  | [demonic ancestry]
   539 | D:1      | Reached XP level 2. HP: 21/21 MP: 3/3
   572 | D:1      | Reached skill level 1 in Polearms
  1525 | D:2      | Found Gesiblal's Book Emporium.
  1651 | D:2      | Found a faded altar of an unknown god.
  1659 | D:2      | Reached XP level 3. HP: 26/26 MP: 4/4
  1672 | D:2      | Prayed at the altar of an unknown god.
  1672 | D:2      | Became a worshipper of Ashenzari the Shackled
  2119 | D:3      | Reached skill level 2 in Polearms
  2261 | D:3      | Noticed Grinder
  2281 | D:3      | Killed Grinder
  2282 | D:3      | Reached skill level 3 in Fighting
  2282 | D:3      | Reached skill level 3 in Polearms
  2282 | D:3      | Reached XP level 4. HP: 30/35 MP: 2/5
  2282 | D:3      | Reached XP level 5. HP: 35/41 MP: 2/6
  2612 | D:3      | HP: 4/41 [iguana (9)]
  2614 | D:3      | Mangled by an iguana

Vanquished Creatures
  Grinder (D:3)
  4 adders
  A ball python (D:1)
  5 bats
  5 endoplasms
  2 giant cockroaches
  3 goblins
  A hobgoblin (D:1)
  A quokka (D:3)
  4 kobolds
27 creatures vanquished.

Vanquished Creatures (others)
  A fungus (D:2)
  2 plants (D:2)
3 creatures vanquished.

Grand Total: 30 creatures vanquished

Table legend: (Time is in decaauts)
 A = Elapsed time spent in this place.
 B = Non-inter-level travel time spent in this place.
 C = Inter-level travel time spent in this place.
 D = Time resting spent in this place.
 E = Time spent auto-exploring this place.
 F = Levels seen in this place.
 G = Mean time per level.
                   A        B        C        D        E       F      G
               +--------+--------+--------+--------+--------+-----+--------+
         Total |   2614 |   2492 |    122 |    415 |   1712 |   3 |  871.3 |
       Dungeon |   2614 |   2492 |    122 |    415 |   1712 |   3 |  871.3 |
               +--------+--------+--------+--------+--------+-----+--------+

Top non-repeatable levels by time:
     D:1: 1350 daAuts
     D:2: 707 daAuts
     D:3: 556 daAuts

Table legend:
 A = Non-vault XP
 B = Vault XP
 C = Vault XP percentage of total XP
 D = Non-vault monster count
 E = Vault monster count
 F = Vault count percentage of total count
                 A         B        C        D         E       F
            +---------+---------+-------+---------+---------+-------
      Total |      90 |     254 |  73.8 |      26 |       1 |   3.7
            +---------+---------+-------+---------+---------+-------
        D:1 |      22 |       0 |   0.0 |      12 |       0 |   0.0
        D:2 |      23 |       0 |   0.0 |       7 |       0 |   0.0
        D:3 |      45 |     254 |  84.9 |       7 |       1 |  12.5
            +---------+---------+-------+---------+---------+-------
